 Dungeon Crawl Stone Soup version 0.29.1-1-gd02db6906a (webtiles) character file.

Game seed: 13006656918650739306

28 LustLizard the Trooper (level 3, 29/29 HPs)
             Began as a Demonspawn Fighter on Oct 5, 2022.
             Quit the game on level 1 of the Dungeon.
             The game lasted 00:01:46 (908 turns).

LustLizard the Trooper (Demonspawn Fighter)          Turns: 908, Time: 00:01:46

Health: 29/29      AC:  6    Str: 16    XL:     3   Next: 0%
Magic:  3/3        EV:  9    Int:  9    God:
Gold:   17         SH:  5    Dex: 14    Spells: 2/2 levels left

rFire   . . .      SeeInvis .   a - +0 long sword
rCold   . . .      Faith    .   c - +0 buckler
rNeg    . . .      Spirit   .   b - +0 scale mail
rPois   .          Reflect  .   (no helmet)
rElec   .          Harm     .   (no cloak)
rCorr   .          Rampage  .   (no gloves)
Will    .....                   (no boots)
Stlth   ..........              (no amulet)
HPRegen 0.09/turn               (no ring)
MPRegen 0.08/turn               (no ring)

@: no status effects
A: claws 1, powered by pain 1
a: no special abilities


You were on level 1 of the Dungeon.
You visited 1 branch of the dungeon, and saw 1 of its levels.

You collected 17 gold pieces.

Inventory:

Hand Weapons
 a - a +0 long sword (weapon)
Armour
 b - a +0 scale mail (worn)
 c - a +0 buckler (worn)
Scrolls
 f - a scroll of fog {unknown}
Potions
 d - a potion of might
 e - 2 potions of flight {unknown}
 g - a potion of degeneration {unknown}
 h - a potion of haste {unknown}
 i - 2 potions of magic {unknown}
 j - a potion of brilliance {unknown}
 k - a potion of curing {unknown}


   Skills:
 + Level 3.2 Fighting
 * Level 2.3 Long Blades
 + Level 2.9 Armour
 + Level 0.6 Dodging
 + Level 2.9 Shields


You had 2 spell levels left.
You didn't know any spells.
Your spell library was empty.

Dungeon Overview and Level Annotations

Branches:
Dungeon (1/15)

Altars:


Innate Abilities, Weirdness & Mutations

You have sharp fingernails.
You sometimes gain a little power by taking damage.


Message History

You kill the jackal!
You slash the goblin!
You kill the goblin!
Things that are here:
a +0 club; a goblin corpse You start waiting.
A jackal is nearby!
The jackal barks!
You hear an angry hiss.
A ball python comes into view.
The jackal barks!
The jackal bites you but does no damage.
You hit the jackal.
You kill the jackal!
You slash the ball python!
You kill the ball python!
You hit the jackal.
The jackal is severely wounded.
The jackal barely misses you.
The jackal bites you but does no damage.
You hit the jackal.
You kill the jackal!
You see here a jackal corpse.
h - a fizzy brown potion You now have 17 gold pieces (gained 3).
i - 2 murky brown potions
j - a fuming puce potion You see here a +3 dagger of venom.
You see here a +3 dagger of venom.
k - a murky silvery potion An endoplasm comes into view.
The endoplasm quivers.
You slash the endoplasm!
You kill the endoplasm!
You have reached level 3!
Your experience leads to an increase in your attributes!
Increase (S)trength, (I)ntelligence, or (D)exterity?
You feel agile. x2; Your demonic ancestry asserts itself...
Your fingernails lengthen.
Unknown command.
Are you sure you want to abandon this character and quit the game? (Confirm with "yes".)

#.# #.#
###.#
#...#
#.###
#.# #.#
#.######
#.@....#
######.#


There were no monsters in sight!

Vanquished Creatures
  A dart slug (D:1)
  A ball python (D:1)
  2 endoplasms (D:1)
  A giant cockroach (D:1)
  4 goblins (D:1)
  A hobgoblin (D:1)
  5 jackals (D:1)
  2 bats (D:1)
  A frilled lizard (D:1)
  2 kobolds (D:1)
  3 rats (D:1)
23 creatures vanquished.

Notes
Turn   | Place    | Note
-------+----------+-------------------------------------------
     0 | D:1      | LustLizard the Demonspawn Fighter began the quest for the
                  | Orb.
     0 | D:1      | Reached XP level 1. HP: 18/18 MP: 1/1
   262 | D:1      | Gained mutation: You sometimes gain a little power by
                  | taking damage. [demonic ancestry]
   262 | D:1      | Reached XP level 2. HP: 16/24 MP: 2/2
   908 | D:1      | Gained mutation: You have sharp fingernails. [demonic
                  | ancestry]
   908 | D:1      | Reached XP level 3. HP: 29/29 MP: 3/3
   908 | D:1      | Quit the game

Illustrated notes

Levels and vault maps discovered:
D:1:      nzn_arrival_crosshair, layout_basic

Skill      XL: |  1 |
---------------+----+-----
Long Blades    | 2 |  2.3
Fighting       | |  3.2
Armour         | |  2.9
Dodging        | |  0.6
Shields        | |  2.9

Action                   || total
-------------------------++-------
Melee: Long sword        ||    66
Armor: Scale mail        ||    35
Dodge: Dodged            ||    30
Block: Buckler           ||     9
